 Dungeon Crawl Stone Soup version 0.21-a0-552-g593960d (webtiles) character file.

8348 slep the Cleaver (level 11, -6/81 HPs)
             Began as a Demonspawn Gladiator on Dec 18, 2017.
             Was a High Priest of Okawaru.
             Killed by divine providence
             ... invoked by an orc priest
              (12 damage)
             ... on level 10 of the Dungeon.
             The game lasted 00:38:29 (8496 turns).

slep the Cleaver (Demonspawn Gladiator)             Turns: 8496, Time: 00:38:30

Health: -6/81      AC: 14    Str: 14    XL:     11   Next: 8%
Magic:  11/11      EV: 15    Int: 10    God:    Okawaru [*****.]
Gold:   529        SH:  6    Dex: 22    Spells: 10/10 levels left

rFire    + . .     SeeInvis +   a - +0 war axe
rCold    + + .     Gourm    .   q - +0 buckler
rNeg     + . .     Faith    .   Q - +4 ring mail {rF+}
rPois    .         Spirit   .   Y - +1 helmet {SInv}
rElec    .         Reflect  .   (no cloak)
rCorr    .         Harm     .   l - +0 pair of gloves
MR       .....     Rnd*Rage +   G - +0 pair of boots
Stlth    ++++......             W - amulet of magic regeneration
HPRegen  0.23/turn              c - ring of positive energy
MPRegen  0.37/turn              x - ring of protection from cold

@: no status effects
A: talons 2, thin skeletal structure 1, agile 1, berserk 1, cold resistance 1,
foul stench 1, mutation resistance 1, spiny 3, wild magic 2, rot immunity
a: Heroism, Finesse, Renounce Religion


You were on level 10 of the Dungeon.
You worshipped Okawaru.
Okawaru was extremely pleased with you.
You were near starving.

You visited 2 branches of the dungeon, and saw 12 of its levels.

You collected 544 gold pieces.
You spent 15 gold pieces at shops.

Inventory:

Hand Weapons
 a - a +0 war axe (weapon)
 V - the +6 flail "Ucam" {drain, rElec rC+ Str+3}
   (You found it on level 7 of the Dungeon)

   A truly terrible weapon, it drains the life of those it strikes.
   It affects your strength (+3).
   It protects you from cold.
   It insulates you from electricity.
Missiles
 d - 5 throwing nets
 k - 43 poisoned needles
 s - 110 sling bullets
 C - 14 tomahawks (quivered)
Armour
 l - a +0 pair of gloves (worn)
 q - a +0 buckler (worn)
 r - a +1 chain mail of poison resistance
 G - a +0 pair of boots (worn)
 Q - a +4 ring mail of fire resistance (worn)
 Y - a +1 helmet of see invisible (worn)
Jewellery
 c - a ring of positive energy (left hand)
 t - an uncursed ring of resist corrosion
 x - a ring of protection from cold (right hand)
 y - a +3 ring of strength
 W - an amulet of magic regeneration (around neck)
Wands
 z - a wand of random effects (28)
 R - a wand of enslavement (18)
Scrolls
 e - a scroll of magic mapping {unknown}
 g - 5 scrolls of teleportation
 i - 4 scrolls of amnesia {unknown}
 j - 2 scrolls of immolation {unknown}
 o - 12 scrolls of identify
 w - 5 scrolls of remove curse
 B - 3 scrolls of enchant weapon {unknown}
 D - 3 scrolls of enchant armour {unknown}
 Z - a scroll of torment {unknown}
Potions
 n - 3 potions of curing
 p - a potion of magic {unknown}
 u - a potion of agility {unknown}
 v - a potion of flight {unknown}
 A - a potion of brilliance {unknown}
 E - a potion of resistance
 F - 2 potions of lignification {unknown}
 H - a potion of haste {unknown}
 I - a potion of ambrosia {unknown}
 J - a potion of mutation {unknown}
 M - a potion of might
 N - a potion of degeneration
 S - 3 potions of cancellation {unknown}
Books
 b - a book of Ice

   Spells                             Type                      Level
   a - Ice Form                       Ice/Transmutation            4
   b - Metabolic Englaciation         Hexes/Ice                    5
   c - Ozocubu's Refrigeration        Ice                          6
   d - Bolt of Cold                   Conjuration/Ice              6
   e - Freezing Cloud                 Conjuration/Ice/Air          6
   f - Simulacrum                     Ice/Necromancy               6
Comestibles
 f - 7 bread rations
 h - 6 fruits
 m - 7 meat rations
 L - 3 royal jellies


   Skills:
 + Level 5.7 Fighting
 + Level 10.4 Axes
 + Level 1.7(6.8) Maces & Flails
 + Level 2.4 Throwing
 + Level 5.2 Armour
 + Level 5.8 Dodging
 + Level 7.1 Stealth
 + Level 3.9 Shields


You had 10 spell levels left.
You didn't know any spells.

Dungeon Overview and Level Annotations

Branches:
Dungeon (11/15)            Temple (1/1) D:6            Lair (0/6) D:10
    Orc: D:9-12

Altars:
Ashenzari
Cheibriados
Dithmenos
Elyvilon
Fedhas
Gozag
Hepliaklqana
Kikubaaqudgha
Makhleb
Nemelex Xobeh
Okawaru
Qazlal
Ru
Sif Muna
Trog
Uskayaw
Vehumet
Wu Jian
Xom
Yredelemnul
Zin
The Shining One

Shops:
D:5 *   D:9 =

Annotations:
D:5 2 runed doors


Innate Abilities, Weirdness & Mutations

You have razor-sharp toenails.
You have a somewhat thin skeletal structure. (Dex +2, Stealth)
You may emit foul miasma when damaged in melee.
You are completely covered in sharp spines.
You are immune to rotting.
You are agile. (Dex +2)
You tend to lose your temper in combat.
Your flesh is cold resistant. (rC+)
You are somewhat resistant to further mutation.
Your spells are harder to cast, but more powerful.


Message History

The orc hits you but does no damage.
You closely miss the orc priest. You closely miss the orc. x2
The orc priest hits you but does no damage.
The orc priest looks sick.
The orc is struck by your spines.
The orc hits you with a hand axe of electrocution.
* * * LOW HITPOINT WARNING * * *
You are electrocuted!
* * * LOW HITPOINT WARNING * * *
The orc is struck by your spines.
You kill the orc!
The orc priest hits you but does no damage.
The orc hits you but does no damage.
You climb upwards.
There is a stone staircase leading down here.
You barely miss the orc priest. You hit the orc.
You kill the orc!
Okawaru accepts your kill.
The orc priest invokes the aid of Beogh against you.
Beogh smites you!
You die...

####### ##### #.....#######...#
#.#...#.........######
#..###..###.#.>......# #.##
##<###....#####.# #.#
#......o..# #.###### ##.##
##.####@..## #......#
#...###...####).# ######.#
#......#........# #.#
#..##.###.####.## #.#
#..##.###.# ##'## #.#
#..##..##.###...## #.#
#..###.##.##.....## ###.#
#..#.#.##.#.......## ##.#.#
####..................####....#


You could see an orc priest.

Vanquished Creatures
  Harold (D:10)
  A two-headed ogre (D:7)
  Joseph (D:7)
  A merfolk (D:10)
  A shadow (D:9)
  A hungry ghost (D:9)
  2 basilisks (D:10)
  A steam dragon (D:10)
  Edmund (D:5)
  An acid dragon (D:7)
  A water moccasin (D:10)
  2 porcupines (D:10)
  Duvessa (D:7)
  2 orc warriors
  3 sky beasts
  5 phantoms
  2 black bears
  3 wolves (D:10)
  3 ogres
  2 centaurs
  The ghost of Bofadeez the Conjurer, an amateur DrCj (D:3)
  2 crocodiles (D:10)
  7 bullfrogs
  Dowan (D:7)
  3 scorpions
  10 killer bees
  3 wights (D:8)
  11 howler monkeys
  6 electric eels (D:9)
  2 crimson imps
  A quasit (D:5)
  2 bullfrog zombies
  A centaur zombie (D:8)
  6 hounds
  4 orc wizards
  A centaur skeleton (D:5)
  A gnoll shaman (D:5)
  2 orc priests (D:11)
  3 jellies
  10 worker ants
  A hound zombie (D:9)
  A hound skeleton (D:5)
  14 adders
  3 gnolls (D:5)
  6 shadow imps
  An ooze (D:1)
  3 adder zombies
  2 worms (D:3)
  A dart slug (D:1)
  2 leopard geckos (D:7)
  27 orcs
  7 giant cockroaches
  7 goblins
  4 hobgoblins
  3 iguanas
  9 kobolds
  2 quokkas
  4 ball pythons
  A ball python skeleton (D:4)
  6 bats
  7 frilled lizards
  A leopard gecko skeleton (D:7)
  A quokka skeleton (D:5)
  2 quokka zombies
  7 rats
234 creatures vanquished.

Notes
Turn   | Place    | Note
-------+----------+-------------------------------------------
     0 | D:1      | slep the Demonspawn Gladiator began the quest for the Orb.
     0 | D:1      | Reached XP level 1. HP: 16/16 MP: 1/1
   119 | D:1      | Gained mutation: You have a somewhat thin skeletal structure. (Dex +2, Stealth) [demonic ancestry]
   119 | D:1      | Reached XP level 2. HP: 7/22 MP: 2/2
   433 | D:1      | Reached skill level 3 in Axes
   608 | D:1      | Gained mutation: You have sharp toenails. [demonic ancestry]
   608 | D:1      | Reached XP level 3. HP: 22/27 MP: 3/3
  1650 | D:3      | Gained mutation: You are partially covered in sharp spines. [demonic ancestry]
  1650 | D:3      | Reached XP level 4. HP: 32/34 MP: 4/4
  1652 | D:3      | Noticed Bofadeez's ghost (amateur DrCj)
  1663 | D:3      | Killed Bofadeez's ghost
  1663 | D:3      | Reached skill level 4 in Axes
  1663 | D:3      | Reached skill level 1 in Armour
  1663 | D:3      | Reached skill level 1 in Stealth
  1663 | D:3      | Gained mutation: You are immune to rotting. [demonic ancestry]
  1663 | D:3      | Reached XP level 5. HP: 11/39 MP: 5/5
  1787 | D:3      | Found a sacrificial altar of Ru.
  2264 | D:3      | Found a shimmering altar of Xom.
  2281 | D:3      | Gained mutation: You are mostly covered in sharp spines. [demonic ancestry]
  2281 | D:3      | Reached XP level 6. HP: 42/46 MP: 6/6
  2574 | D:4      | Reached skill level 5 in Axes
  2639 | D:4      | Gained mutation: You may emit foul miasma when damaged in melee. [demonic ancestry]
  2639 | D:4      | Reached XP level 7. HP: 26/52 MP: 7/7
  2866 | D:5      | Entered Level 5 of the Dungeon
  2866 | D:5      | Noticed Edmund
  2885 | D:5      | Killed Edmund
  3336 | D:5      | Found a large runed door.
  3336 | D:5      | Found a large runed door.
  3394 | D:5      | Found a large runed door.
  3394 | D:5      | Found a large runed door.
  3484 | D:5      | Found Eklitt's General Store.
  3504 | D:5      | Bought a potion of degeneration for 15 gold pieces
  3580 | D:5      | Reached skill level 6 in Axes
  3590 | D:5      | Gained mutation: You are agile. (Dex +2) [mutagenic meat]
  3592 | D:5      | Gained mutation: Your spells are a little harder to cast, but a little more powerful. [mutagenic meat]
  3593 | D:5      | Gained mutation: You tend to lose your temper in combat. [mutagenic meat]
  3642 | D:5      | Found a deep blue altar of Sif Muna.
  3795 | D:5      | Gained mutation: You have razor-sharp toenails. [demonic ancestry]
  3795 | D:5      | Reached XP level 8. HP: 52/58 MP: 8/8
  4036 | D:6      | Reached skill level 1 in Shields
  4062 | D:7      | Reached skill level 7 in Axes
  4207 | D:6      | Found a staircase to the Ecumenical Temple.
  4261 | Temple   | Entered the Ecumenical Temple
  4362 | Temple   | Became a worshipper of Warmaster Okawaru
  4461 | D:6      | Reached skill level 5 in Stealth
  4704 | D:6      | Reached * piety under Okawaru
  4752 | D:7      | Reached XP level 9. HP: 57/65 MP: 9/9
  4759 | D:7      | Gained mutation: You are somewhat resistant to further mutation. [mutagenic meat]
  4760 | D:7      | Gained mutation: Your spells are harder to cast, but more powerful. [mutagenic meat]
  4763 | D:7      | Gained mutation: Your flesh is cold resistant. (rC+) [mutagenic meat]
  4809 | D:7      | Noticed a two-headed ogre
  4812 | D:7      | Noticed Dowan
  4813 | D:7      | Noticed Duvessa
  4817 | D:7      | Killed a two-headed ogre
  4817 | D:7      | Reached skill level 8 in Axes
  4823 | D:7      | Killed Duvessa
  4823 | D:7      | Reached ** piety under Okawaru
  4823 | D:7      | Killed Dowan
  4999 | D:7      | Got a crude flail
  5142 | D:7      | Noticed Joseph
  5157 | D:7      | Killed Joseph
  5338 | D:8      | Reached skill level 9 in Axes
  5363 | D:8      | Reached *** piety under Okawaru
  5603 | D:8      | Reached XP level 10. HP: 73/73 MP: 10/10
  6346 | D:9      | Reached skill level 5 in Fighting
  6435 | D:9      | Found Yluora's Jewellery Boutique.
  6611 | D:9      | Reached **** piety under Okawaru
  6795 | D:9      | Identified the +6 flail "Ucam" {drain, rElec rC+ Str+3} (You found it on level 7 of the Dungeon)
  7005 | D:9      | Reached skill level 5 in Dodging
  7062 | D:10     | Entered Level 10 of the Dungeon
  7137 | D:10     | Reached skill level 1 in Maces & Flails
  7407 | D:10     | Found a staircase to the Lair.
  7469 | D:10     | Reached skill level 10 in Axes
  7547 | D:10     | Reached skill level 5 in Armour
  7553 | D:10     | Noticed Harold
  7579 | D:10     | Killed Harold
  7579 | D:10     | Reached ***** piety under Okawaru
  7847 | D:10     | Gained mutation: You are completely covered in sharp spines. [demonic ancestry]
  7847 | D:10     | Reached XP level 11. HP: 73/81 MP: 11/11
  8496 | D:10     | Killed from afar by an orc priest

Vault maps used:
D:1:      dpeg_arrival_more_subterranean_lakeside_camping, serial_bayou_pond_b,
          minmay_misc_feat_tiny, minmay_splitting_lines, st_stairs_5
D:2:      serial_glass, glass_columns_b, glass_columns_c, glass_columns_a,
          glass_columns_b, glass_columns_c
D:3:      nicolae_overflow_crystal_walls, dk_xom_monty_hall
D:4:      first_bread
D:5:      serial_shops, shop, basic_altar, minmay_hollow_rounded_squares,
          uniq_edmund
D:6:      temple_doors_e
D:7:      uniq_duvessa, uniq_joseph
D:9:      cheibrodos_two_vegetables, serial_shops, shop_fountains
D:10:     minmay_lair_entry_grove, hangedman_fish_farm, uniq_harold
D:11:     nicolae_looking_at_the_future
Temple:   compressed_dpeg_circular_temple

Skill      XL: |  1  2  3  4  5  6  7  8  9 10 |
---------------+-------------------------------+-----
Dodging        | 3 4 5 |  5.8
Axes           | 3 4 5 6 7 9 10 | 10.4
Armour         | 1 2 3 5 |  5.2
Stealth        | 1 2 4 5 6 7 |  7.1
Fighting       | 3 4 5 |  5.7
Throwing       | 2 |  2.4
Shields        | 2 3 |  3.9
Maces & Flails | 1 |  1.7

Action                   |  1- 3 |  4- 6 |  7- 9 | 10-12 || total
-------------------------+-------+-------+-------+-------++-------
Melee: War axe           |    95 |    79 |   216 |   237 ||   627
       Kick              |    12 |    30 |    10 |       ||    52
       Flail             |       |       |       |    13 ||    13
Throw: Throwing net      |       |     1 |     3 |       ||     4
       Tomahawk          |       |     1 |     5 |     7 ||    13
  Use: Potion            |       |     1 |       |     1 ||     2
       Scroll            |       |       |     3 |       ||     3
 Stab: Sleeping          |     4 |     7 |    23 |     5 ||    39
       Held in net/web   |       |       |     2 |       ||     2
  Eat: Chunk             |     2 |     4 |    20 |    10 ||    36
Armor: Leather armour    |    25 |    15 |       |       ||    40
       Robe              |       |       |    12 |       ||    12
       Ring mail         |       |       |    51 |    67 ||   118
Dodge: Dodged            |    74 |    57 |   104 |   125 ||   360
Block: Buckler           |       |       |    48 |    63 ||   111

Table legend:
 A = Spawn XP
 B = Non-spawn XP
 C = Spawn XP percentage of total XP
 D = Spawn monster count
 E = Non-spawn monster count
 F = Spawn count percentage of total count
 G = Total turns spent on level
                    A         B        C        D         E        F      G
               +---------+---------+-------+---------+---------+-------+---------
         Total |       0 |   11926 |   0.0 |       0 |     234 |   0.0 |  8496
               +---------+---------+-------+---------+---------+-------+---------
           D:1 |       0 |      41 |   0.0 |       0 |      21 |   0.0 |   716
           D:2 |       0 |      43 |   0.0 |       0 |      14 |   0.0 |   801
           D:3 |       0 |     314 |   0.0 |       0 |      29 |   0.0 |   797
           D:4 |       0 |     381 |   0.0 |       0 |      24 |   0.0 |   552
           D:5 |       0 |     931 |   0.0 |       0 |      23 |   0.0 |  1046
           D:6 |       0 |     815 |   0.0 |       0 |      13 |   0.0 |   609
           D:7 |       0 |    2506 |   0.0 |       0 |      25 |   0.0 |   704
           D:8 |       0 |     920 |   0.0 |       0 |      18 |   0.0 |   775
           D:9 |       0 |    1923 |   0.0 |       0 |      28 |   0.0 |   951
          D:10 |       0 |    3780 |   0.0 |       0 |      30 |   0.0 |  1411
          D:11 |       0 |     272 |   0.0 |       0 |       9 |   0.0 |    23
               +---------+---------+-------+---------+---------+-------+---------
